[Event "Titled Tuesday Blitz March 29 Late 2022"]
[White "Terrieux, Kevin"]
[Black "Sztokbant, Bernardo Vainzoff"]
[WhiteFideId "622591"]
[BlackFideId "2115956"]
[WhiteElo "2482"]
[BlackElo "2237"]
[Result "0-1"]
[Round "10"]
[TimeControl "180+1"]
[Date "2022.03.29"]
[WhiteClock "0:00:04"]
[BlackClock "0:00:03"]

1. d4 d5 2. e4 dxe4 3. Nc3 e5 4. Nxe4 Nf6 5. Bg5 Be7 6. Bxf6 gxf6 7. Nf3 Nc6 8. Bb5 Bd7 9. d5 Nb4 10. Bxd7+ Qxd7 11. c4 Qg4 12. Qe2 f5 13. Ng3 e4 14. Nd4 Nd3+ 15. Kf1 Qxe2+ 16. Ngxe2 Nxb2 17. Nxf5 Nxc4 18. Nf4 Bg5 19. Nh3 Bf6 20. Rc1 b5 21. Ng3 e3 22. Ne4 Be5 23. Ke2 f5 24. Neg5 exf2 25. Nxf2 Rd8 26. Rhd1 Bf4 27. Ne6 Bxc1 28. Nxd8 Kxd8 29. Rxc1 Re8+ 30. Kf3 Re5 31. Rd1 Ke7 32. g4 Kd6 33. g5 Rxd5 34. Re1 Rd2 35. h4 Ne5+ 36. Kg3 Rxa2 37. h5 Ra3+ 38. Kg2 Ra2 39. Rd1+ Ke6 40. Re1 Kd5 41. Rd1+ Ke6 42. Re1 b4 43. Kg3 f4+ 44. Kxf4 Rxf2+ 45. Kg3 Rf3+ 46. Kg2 Rf5 47. g6 hxg6 48. h6 Rg5+ 49. Kf2 Rh5 50. Ra1 Rxh6 51. Ke3 Rh3+ 52. Ke4 Rh4+ 53. Ke3 b3 54. Rb1 Rh3+ 55. Ke4 Kd6 56. Rd1+ Kc5 57. Kxe5 Kc4 58. Kf4 b2 0-1


[Site "https://www.chess.com"]

[Event "Titled Tuesday Blitz March 29 Late 2022"]
[White "Toncheva, Nadya"]
[Black "Sanchez, Robert"]
[WhiteFideId "2924056"]
[BlackFideId "2034360"]
[WhiteElo "1884"]
[BlackElo "2293"]
[Result "1-0"]
[Round "10"]
[TimeControl "180+1"]
[Date "2022.03.30"]
[WhiteClock "0:01:48"]
[BlackClock "0:01:06"]

1. e4 e6 2. d4 d5 3. Nd2 Nf6 4. e5 Nfd7 5. Bd3 c5 6. c3 Nc6 7. Ne2 cxd4 8. cxd4 f6 9. exf6 Nxf6 10. Nf3 Bd6 11. Bf4 O-O 12. O-O Bxf4 13. Nxf4 Ne4 14. Qc1 Qf6 15. Ne2 Bd7 16. Qe3 Nd6 17. Ne5 Be8 18. Ng3 Nf7 19. Nxc6 Bxc6 20. Rfe1 Rae8 21. b4 e5 22. dxe5 Nxe5 23. Be2 Ng4 24. Qxa7 Rxe2 25. Nxe2 d4 26. Qxd4 Bxg2 27. Qxf6 1-0


[Site "https://www.chess.com"]

[Event "Titled Tuesday Blitz March 29 Late 2022"]
[White "Tsukerman, Julia"]
[Black "Alimpic, Aleksa"]
[WhiteFideId "2621649"]
[BlackFideId "974323"]
[WhiteElo "2124"]
[BlackElo "2130"]
[Result "1/2-1/2"]
[Round "10"]
[TimeControl "180+1"]
[Date "2022.03.30"]
[WhiteClock "0:01:25"]
[BlackClock "0:00:19"]

1. e4 g6 2. d4 c6 3. Nc3 d5 4. e5 h5 5. Be3 Bh6 6. Qd2 Bxe3 7. Qxe3 Bf5 8. O-O-O e6 9. f4 Nh6 10. h3 Nd7 11. Nf3 b5 12. Rg1 a5 13. Kb1 a4 14. Ne2 Nb6 15. Ng3 h4 16. Nxf5 Nxf5 17. Qc3 Nc4 18. Bd3 Qa5 19. Qxa5 Rxa5 20. Bxc4 bxc4 21. c3 Ke7 22. Rd2 a3 23. b3 Rb8 24. b4 Raa8 25. Kc1 Ng3 26. Nxh4 Ne4 27. Rc2 Rh8 28. Nf3 Rag8 29. Nd2 Nf2 30. Nb1 Nd3+ 31. Kd2 Nxf4 32. Nxa3 Ra8 33. Nb1 g5 34. Ke3 Rhg8 35. Nd2 Nd3 36. Ra1 Ra3 37. Nb1 Ra4 38. Nd2 g4 39. hxg4 Rxg4 40. Rg1 Rg8 41. g4 Rga8 42. Ra1 Rg8 43. Rg1 Rga8 44. Ra1 Rh8 45. Rg1 Rh3+ 46. Nf3 Rh8 47. g5 Rha8 48. Rgg2 Rg8 49. Rce2 Nc1 50. Rc2 Nd3 51. Rce2 Nc1 52. Rc2 Nd3 1/2-1/2


[Site "https://www.chess.com"]

[Event "Titled Tuesday Blitz March 29 Late 2022"]
[White "Van den Dikkenberg, Erik"]
[Black "Estrada Nieto, Julian"]
[WhiteFideId "1005880"]
[BlackFideId "5101018"]
[WhiteElo "2118"]
[BlackElo "2246"]
[Result "0-1"]
[Round "10"]
[TimeControl "180+1"]
[Date "2022.03.30"]
[WhiteClock "0:00:10"]
[BlackClock "0:00:26"]

1. e4 e5 2. Nf3 Nc6 3. d4 exd4 4. Nxd4 Nf6 5. Nxc6 bxc6 6. e5 Qe7 7. Qe2 Nd5 8. h4 Qe6 9. c4 Nb6 10. Nd2 Ba6 11. Rh3 Bb4 12. b3 O-O-O 13. a3 Bxd2+ 14. Bxd2 Rhe8 15. Re3 Qg6 16. O-O-O d5 17. h5 Qe6 18. cxd5 Bxe2 19. dxe6 Bxd1 20. exf7 Re7 21. Kxd1 Nd5 22. Ba6+ Kb8 23. Rf3 Rf8 24. Bc4 Rxe5 25. Bb4 c5 26. Ba5 Nb6 27. Bxb6 axb6 28. a4 c6 29. Rg3 b5 30. Rxg7 bxc4 31. Rg8 Rd5+ 32. Kc2 cxb3+ 33. Kxb3 Rdd8 34. Rg7 Kc7 35. Kc4 Rd7 36. Kxc5 Rdxf7 37. Rg4 Rf5+ 38. Kc4 Rf4+ 0-1


[Site "https://www.chess.com"]

[Event "Titled Tuesday Blitz March 29 Late 2022"]
[White "Vovk, Orest"]
[Black "Nazaretyan, Tigran"]
[WhiteFideId "14113490"]
[BlackFideId "24162345"]
[WhiteElo "2203"]
[BlackElo "2219"]
[Result "1-0"]
[Round "10"]
[TimeControl "180+1"]
[Date "2022.03.29"]
[WhiteClock "0:01:36"]
[BlackClock "0:01:22"]

1. h4 e5 2. h5 d5 3. h6 Nxh6 4. d4 Ng4 5. f3 Nf6 6. dxe5 Ng8 7. e4 dxe4 8. Qxd8+ Kxd8 9. Nc3 exf3 10. Bg5+ Be7 11. O-O-O+ Ke8 12. Nxf3 c6 13. Ne4 f6 14. exf6 Nxf6 15. Nd6+ Bxd6 16. Rxd6 Nbd7 17. Bc4 Nb6 18. Re1+ Be6 19. Bxe6 Kf8 20. Bxf6 gxf6 21. Bb3 Re8 22. Rxf6+ Kg7 23. Rf7+ Kg6 24. Rxe8 Rxe8 25. Rxb7 Re2 26. Rxa7 Rxg2 27. Nh4+ Kh5 28. Nxg2 Kg4 29. Rxh7 Kg3 30. Rg7+ Kf2 31. a4 c5 32. a5 c4 33. axb6 cxb3 34. cxb3 Kg1 35. b7 1-0


[Site "https://www.chess.com"]

[Event "Titled Tuesday Blitz March 29 Late 2022"]
[White "Xiong, Jeffery"]
[Black "Andreikin, Dmitry"]
[WhiteFideId "2047640"]
[BlackFideId "4158814"]
[WhiteElo "2727"]
[BlackElo "2736"]
[Result "1/2-1/2"]
[Round "10"]
[TimeControl "180+1"]
[Date "2022.03.29"]
[WhiteClock "0:00:11"]
[BlackClock "0:00:09"]

1. d4 d5 2. Nf3 Nf6 3. Bf4 c5 4. e3 Nc6 5. Nbd2 g6 6. dxc5 Bg7 7. c3 O-O 8. h3 a5 9. a4 Re8 10. Bb5 e5 11. Bh2 Nd7 12. Nb3 e4 13. Nfd4 Qf6 14. O-O Nde5 15. Bxe5 Rxe5 16. f4 Rh5 17. Rc1 Bxh3 18. gxh3 Rxh3 19. Qe1 Ne5 20. Rc2 Ng4 21. Bd7 Rxe3 22. Re2 Rxe2 23. Qxe2 Nh6 24. Bh3 Qh4 25. Kg2 f5 26. Ne6 Re8 27. Nxg7 Kxg7 28. Qf2 Qh5 29. Qd4+ Kf8 30. Qxd5 Ng4 31. Qd4 e3 32. Rd1 Nf2 33. Qh8+ Kf7 34. Rd7+ Re7 35. Rxe7+ Kxe7 36. Qe5+ Kf7 37. Qxe3 Nxh3 38. Qxh3 Qe2+ 39. Kg1 Qd1+ 40. Kf2 Qxb3 41. Qxh7+ Kf6 42. Qh8+ Kf7 43. Ke3 Qxb2 44. Qh7+ Kf6 45. Qh8+ Kf7 46. Qh7+ Kf6 47. Qh8+ Kf7 1/2-1/2


[Site "https://www.chess.com"]

[Event "Titled Tuesday Blitz March 29 Late 2022"]
[White "Yuan, Qingyu"]
[Black "Holt, Conrad"]
[WhiteFideId "8609772"]
[BlackFideId "2034387"]
[WhiteElo "2359"]
[BlackElo "2586"]
[Result "1-0"]
[Round "10"]
[TimeControl "180+1"]
[Date "2022.03.29"]
[WhiteClock "0:00:08"]
[BlackClock "0:00:05"]

1. e4 e6 2. d4 d5 3. e5 c5 4. c3 Bd7 5. Nf3 Nc6 6. Bd3 cxd4 7. O-O dxc3 8. bxc3 Nge7 9. Re1 Ng6 10. g3 Qc7 11. Qe2 Bc5 12. Nbd2 O-O 13. Nb3 Be7 14. h4 f6 15. exf6 Bxf6 16. Bxg6 hxg6 17. Bf4 Qc8 18. Qd3 Ne7 19. Rac1 Nf5 20. Nbd4 Qc4 21. Qd2 Rac8 22. Ne5 Bxe5 23. Bxe5 b5 24. Qg5 Nxd4 25. Bxd4 Qxa2 26. Qxg6 Rf7 27. Re5 b4 28. Rh5 b3 29. Rh8+ Kxh8 30. Qxf7 1-0


[Site "https://www.chess.com"]

[Event "Titled Tuesday Blitz March 29 Late 2022"]
[White "Almedina Ortiz, Edgardo J."]
[Black "Stanisz, Patryk"]
[WhiteFideId "3100197"]
[BlackFideId "1123106"]
[WhiteElo "2217"]
[BlackElo "1876"]
[Result "0-1"]
[Round "11"]
[TimeControl "180+1"]
[Date "2022.03.30"]
[WhiteClock "0:00:03"]
[BlackClock "0:00:17"]

1. d4 d5 2. c4 c6 3. Nf3 Nf6 4. g3 Bf5 5. Bg2 e6 6. Nc3 Nbd7 7. O-O Be7 8. Nd2 O-O 9. e4 dxe4 10. Ndxe4 h6 11. Be3 Re8 12. Qb3 Qb6 13. Rfd1 Qxb3 14. axb3 a6 15. Rd2 Ng4 16. Bf4 g5 17. Bd6 Bd8 18. b4 Ngf6 19. Nc5 Nxc5 20. bxc5 Be7 21. b4 Kf8 22. Rda2 Rad8 23. Be5 Bd3 24. Bf1 Bxf1 25. Kxf1 Ng4 26. h3 Nxe5 27. dxe5 Rd4 28. b5 Rxc4 29. bxa6 bxa6 30. Ne2 Rxc5 31. Rxa6 Rxe5 32. Rxc6 Rd8 33. Nc3 Bf6 34. Ra7 Kg7 35. Rcc7 Rf8 36. g4 Kg6 0-1


[Site "https://www.chess.com"]

[Event "Titled Tuesday Blitz March 29 Late 2022"]
[White "Ambartsumova, Karina"]
[Black "Gracia Alvarez, Gerardo Antonio"]
[WhiteFideId "4166299"]
[BlackFideId "5109124"]
[WhiteElo "2262"]
[BlackElo "2139"]
[Result "1-0"]
[Round "11"]
[TimeControl "180+1"]
[Date "2022.03.30"]
[WhiteClock "0:02:04"]
[BlackClock "0:01:43"]

1. e4 e6 2. d4 d5 3. Nc3 Nf6 4. e5 Nfd7 5. Nce2 c5 6. c3 Nc6 7. f4 Qb6 8. Nf3 f6 9. g3 cxd4 10. cxd4 Bb4+ 11. Bd2 O-O 12. Bh3 Re8 13. a3 Bf8 14. Bc3 fxe5 15. fxe5 a5 16. Nf4 Ndb8 17. O-O a4 18. Kh1 Bd7 19. Ng5 Na5 20. Qh5 1-0


[Site "https://www.chess.com"]

[Event "Titled Tuesday Blitz March 29 Late 2022"]
[White "Andreikin, Dmitry"]
[Black "Sarana, Alexey"]
[WhiteFideId "4158814"]
[BlackFideId "24133795"]
[WhiteElo "2736"]
[BlackElo "2666"]
[Result "1/2-1/2"]
[Round "11"]
[TimeControl "180+1"]
[Date "2022.03.29"]
[WhiteClock "0:02:44"]
[BlackClock "0:02:04"]

1. d4 Nf6 2. Nf3 d5 3. c4 e6 4. g3 Bb4+ 5. Bd2 Be7 6. Bg2 c6 7. O-O Nbd7 8. Qc2 b6 9. Bf4 Bb7 10. Rd1 Rc8 11. Nc3 dxc4 12. Ne5 b5 13. Nxb5 Nd5 14. Nxa7 Rc7 1/2-1/2


[Site "https://www.chess.com"]

[Event "Titled Tuesday Blitz March 29 Late 2022"]
[White "Bachmann, Axel"]
[Black "Rudykh, Stepan"]
[WhiteFideId "3700488"]
[BlackFideId "4180321"]
[WhiteElo "2587"]
[BlackElo "2214"]
[Result "1-0"]
[Round "11"]
[TimeControl "180+1"]
[Date "2022.03.30"]
[WhiteClock "0:00:39"]
[BlackClock "0:00:09"]

1. d4 e6 2. c4 f5 3. g3 Nf6 4. Bg2 Be7 5. Nf3 O-O 6. O-O d6 7. b3 Ne4 8. Bb2 a5 9. a3 Bf6 10. e3 Qe8 11. Nc3 Nxc3 12. Bxc3 Kh8 13. Ne1 e5 14. Nd3 Nc6 15. d5 Nb8 16. e4 Qg6 17. Qe2 fxe4 18. Bxe4 Bf5 19. Rfe1 Nd7 20. b4 axb4 21. Bxf5 Qxf5 22. axb4 Nb6 23. Rxa8 Rxa8 24. Qe4 Qxe4 25. Rxe4 Ra3 26. Bxe5 Bxe5 27. Nxe5 dxe5 28. Rxe5 Kg8 29. c5 Nc4 30. Re7 Rd3 31. Rxc7 Rxd5 32. Rxb7 Kf8 33. c6 Nd6 34. Rd7 Ke8 35. b5 Rxb5 36. Rxd6 1-0


[Site "https://www.chess.com"]

[Event "Titled Tuesday Blitz March 29 Late 2022"]
[White "Barria Zuniga, Daniel"]
[Black "Omariev, Maksim"]
[WhiteFideId "3400816"]
[BlackFideId "4193423"]
[WhiteElo "2414"]
[BlackElo "2518"]
[Result "1-0"]
[Round "11"]
[TimeControl "180+1"]
[Date "2022.03.29"]
[WhiteClock "0:02:55"]
[BlackClock "0:02:32"]

1. d4 d5 2. c4 e6 3. Nf3 Nf6 4. Nc3 Be7 5. Bg5 O-O 6. Qc2 h6 7. Bxf6 Bxf6 8. O-O-O dxc4 9. e4 a6 10. Bxc4 b5 11. Bb3 Bb7 12. e5 Be7 13. d5 exd5 14. Nxd5 Bxd5 15. Bxd5 Bg5+ 16. Kb1 1-0


[Site "https://www.chess.com"]

[Event "Titled Tuesday Blitz March 29 Late 2022"]
[White "Batsiashvili, Nino"]
[Black "De La Colina, Nicolas"]
[WhiteFideId "13602993"]
[BlackFideId "30946921"]
[WhiteElo "2192"]
[BlackElo "2046"]
[Result "1-0"]
[Round "11"]
[TimeControl "180+1"]
[Date "2022.03.29"]
[WhiteClock "0:01:46"]
[BlackClock "0:00:07"]

1. d4 Nf6 2. c4 g6 3. Nc3 Bg7 4. e4 d6 5. Nf3 O-O 6. Be2 e5 7. O-O Nc6 8. d5 Ne7 9. Ne1 Nd7 10. Nd3 f5 11. Bd2 a5 12. Rc1 b6 13. f3 Nf6 14. a3 f4 15. b4 g5 16. c5 axb4 17. axb4 Ng6 18. Nf2 h5 19. Nb5 bxc5 20. bxc5 Rf7 21. cxd6 cxd6 22. Rc6 Bf8 23. Bb4 Bd7 24. Nxd6 Bxc6 25. Nxf7 Kxf7 26. Bxf8 Nxf8 27. dxc6 Qxd1 28. Rxd1 Rc8 29. Bb5 Ne6 30. Nd3 Ke7 31. Nxe5 Rb8 32. Bc4 g4 33. Ng6+ Kf7 34. Nxf4 1-0


[Site "https://www.chess.com"]

[Event "Titled Tuesday Blitz March 29 Late 2022"]
[White "Bluebaum, Matthias"]
[Black "Kamsky, Gata"]
[WhiteFideId "24651516"]
[BlackFideId "2000024"]
[WhiteElo "2550"]
[BlackElo "2645"]
[Result "1/2-1/2"]
[Round "11"]
[TimeControl "180+1"]
[Date "2022.03.29"]
[WhiteClock "0:00:05"]
[BlackClock "0:00:31"]

1. b3 d5 2. Bb2 Bf5 3. Nf3 e6 4. g3 Nf6 5. Bg2 Be7 6. O-O O-O 7. d3 h6 8. Nbd2 Bh7 9. Re1 c6 10. e4 Nbd7 11. Qe2 a5 12. a3 b5 13. h3 Qb6 14. Kh2 Rfc8 15. g4 a4 16. g5 hxg5 17. Nxg5 Bg6 18. f4 axb3 19. cxb3 Nh5 20. Qg4 Qf2 21. Ngf3 Ndf6 22. Qh4 Qxh4 23. Nxh4 Nxf4 24. Nxg6 Nxg6 25. Rf1 Bd6+ 26. Kh1 Nh5 27. Rf3 Ne5 28. Re3 Nf4 29. Bf1 Neg6 30. Rf3 c5 31. exd5 exd5 32. Re1 Re8 33. Rfe3 Rxe3 34. Rxe3 Ne6 35. Re1 Ngf4 36. Nf3 c4 37. dxc4 bxc4 38. bxc4 dxc4 39. Bxc4 Bxa3 40. Ra1 Rc8 41. Bxe6 Bxb2 42. Bxc8 Bxa1 43. h4 Bf6 44. Kh2 Be7 45. Kg3 Bd6 46. Kg4 g6 47. Bd7 Kg7 48. Bc8 Kh6 49. Ng5 Kg7 50. Ne4 Be5 51. Ng3 Nd5 52. h5 Nf6+ 53. Kf3 Bxg3 54. hxg6 Be5 55. gxf7 Kxf7 56. Bf5 1/2-1/2


[Site "https://www.chess.com"]

[Event "Titled Tuesday Blitz March 29 Late 2022"]
[White "Bryakin, Mikhail"]
[Black "Adewumi, Tanitoluwa"]
[WhiteFideId "4165314"]
[BlackFideId "30966396"]
[WhiteElo "2417"]
[BlackElo "2582"]
[Result "0-1"]
[Round "11"]
[TimeControl "180+1"]
[Date "2022.03.29"]
[WhiteClock "0:01:49"]
[BlackClock "0:00:16"]

1. e4 c5 2. c3 Nf6 3. e5 Nd5 4. d4 cxd4 5. Nf3 e6 6. cxd4 d6 7. Bb5+ Bd7 8. Bxd7+ Nxd7 9. O-O Be7 10. Nbd2 dxe5 11. dxe5 Qc7 12. Re1 Rc8 13. Qa4 O-O 14. Qg4 Kh8 15. h4 Nb4 16. Re4 Nd3 17. Rc4 N7xe5 18. Rxc7 Nxg4 19. Rxe7 Nxc1 20. Rxb7 Nd3 21. Rxa7 Nxb2 22. Ng5 Kg8 23. Nde4 h6 24. Nf3 f5 25. Ned2 e5 26. Rb7 Nd3 27. Rb3 e4 28. Nd4 Ndxf2 29. a4 Rfd8 30. Nxf5 Rxd2 31. Ne7+ Kh7 32. Nxc8 e3 33. a5 e2 34. Re1 Rd1 35. Rb1 Rxb1 36. Rxb1 Nd1 0-1


[Site "https://www.chess.com"]

[Event "Titled Tuesday Blitz March 29 Late 2022"]
[White "Burke, Paul"]
[Black "Storey, Charles H"]
[WhiteFideId "2605767"]
[BlackFideId "406686"]
[WhiteElo "1886"]
[BlackElo "2263"]
[Result "0-1"]
[Round "11"]
[TimeControl "180+1"]
[Date "2022.03.30"]
[WhiteClock "0:00:08"]
[BlackClock "0:00:38"]

1. e4 g6 2. Nc3 Bg7 3. g3 c5 4. Bg2 Nc6 5. Nge2 d6 6. O-O e5 7. d3 Nge7 8. h3 O-O 9. Nd5 Nxd5 10. exd5 Nd4 11. c3 Nxe2+ 12. Qxe2 f5 13. f4 Bd7 14. fxe5 Bxe5 15. Bf4 Qf6 16. Bxe5 dxe5 17. c4 Rae8 18. Rae1 Qg5 19. Qe3 f4 20. gxf4 exf4 21. Qf3 Rxe1 22. Rxe1 Qf6 23. b3 g5 24. Rf1 Bf5 25. d6 Qxd6 26. Qxb7 Qxd3 27. Qd5+ Qxd5 28. Bxd5+ Kg7 29. Bg2 Re8 30. Rf2 Kf6 31. Rd2 Re1+ 32. Kf2 Ra1 33. Rd6+ Ke7 34. Rd2 h5 35. Re2+ Kf6 36. Rd2 g4 37. hxg4 hxg4 38. Bc6 g3+ 39. Kg2 Kg5 40. Bf3 Kh4 41. Be2 Bg4 42. a4 Bxe2 43. Rxe2 Kg4 0-1


[Site "https://www.chess.com"]

[Event "Titled Tuesday Blitz March 29 Late 2022"]
[White "Cardoso Cardoso, Jose Gabriel"]
[Black "Jary, Sergey"]
[WhiteFideId "4430492"]
[BlackFideId "14110350"]
[WhiteElo "2451"]
[BlackElo "2260"]
[Result "1-0"]
[Round "11"]
[TimeControl "180+1"]
[Date "2022.03.29"]
[WhiteClock "0:01:15"]
[BlackClock "0:01:00"]

1. Nf3 c5 2. e4 Nc6 3. Bb5 Qc7 4. Nc3 e6 5. O-O a6 6. Bxc6 Qxc6 7. d4 cxd4 8. Nxd4 Qc7 9. f4 d6 10. Kh1 Nf6 11. f5 Be7 12. Qf3 e5 13. Nde2 b5 14. Bg5 Bb7 15. Bxf6 Bxf6 16. Rad1 O-O 17. Ng3 b4 18. Nd5 Bxd5 19. Rxd5 Qxc2 20. Nh5 Kh8 21. Rxd6 Qxb2 22. Qg4 Rg8 23. g3 Qxa2 24. Nxf6 Qc4 25. Rfd1 gxf6 26. Qh4 Rg5 27. Rxf6 Rag8 28. Rh6 1-0


[Site "https://www.chess.com"]

[Event "Titled Tuesday Blitz March 29 Late 2022"]
[White "Caruana, Fabiano"]
[Black "Bortnyk, Olexandr"]
[WhiteFideId "2020009"]
[BlackFideId "14120828"]
[WhiteElo "2744"]
[BlackElo "2723"]
[Result "1-0"]
[Round "11"]
[TimeControl "180+1"]
[Date "2022.03.29"]
[WhiteClock "0:00:09"]
[BlackClock "0:00:01"]

1. c4 b6 2. Nc3 Bb7 3. e4 e5 4. Nf3 Nc6 5. d4 exd4 6. Nxd4 g6 7. Nxc6 Bxc6 8. Qd4 Qf6 9. Be3 Bc5 10. Qxf6 Nxf6 11. Bxc5 bxc5 12. f3 d6 13. O-O-O O-O 14. Bd3 Kg7 15. Bc2 a6 16. Ba4 Bb7 17. Rhe1 Nh5 18. e5 Nf4 19. exd6 cxd6 20. Re7 Rab8 21. Rxd6 Nxg2 22. Ne4 Nh4 23. Rdd7 Bc8 24. Rc7 Nf5 25. Re5 Nd4 26. Nxc5 Nxf3 27. Ree7 Nd4 28. Be8 Be6 29. Nxe6+ Nxe6 30. Rxe6 Rfxe8 31. Rxe8 Rxe8 32. b4 g5 33. a4 Rb8 34. b5 axb5 35. cxb5 g4 36. Rc5 Kf6 37. a5 Ke6 38. b6 Kd6 39. Rc7 f5 40. Rxh7 Kc6 41. Rf7 Kb5 42. Rxf5+ Ka6 43. Rh5 Rg8 44. Kd2 g3 45. hxg3 Rxg3 46. Rd5 Rh3 47. Kc2 Rg3 48. Kd2 Rh3 49. Ke2 Rg3 50. Kf2 Rb3 51. Ke2 Rg3 52. Kd1 Rh3 53. Kc2 Rg3 54. Rd8 Rg2+ 55. Kd3 Rg3+ 56. Ke4 Rb3 57. Ra8+ Kb7 58. Ra7+ Kc6 59. Kd4 Rb4+ 60. Kc3 Rb1 61. Kc4 Rc1+ 62. Kb3 Rb1+ 63. Kc3 Ra1 64. Rc7+ Kd6 65. Kb4 Rb1+ 66. Ka4 Kd5 67. Rc3 Kd6 68. Rb3 Rh1 69. Kb5 Rh8 70. Ka6 Ra8+ 71. Kb5 Rh8 72. Rc3 Rh5+ 73. Ka6 1-0


[Site "https://www.chess.com"]

[Event "Titled Tuesday Blitz March 29 Late 2022"]
[White "Demchenko, Anton"]
[Black "Arabidze, Meri"]
[WhiteFideId "4160258"]
[BlackFideId "13604040"]
[WhiteElo "2539"]
[BlackElo "2335"]
[Result "1-0"]
[Round "11"]
[TimeControl "180+1"]
[Date "2022.03.29"]
[WhiteClock "0:00:24"]
[BlackClock "0:00:03"]

1. e4 c5 2. Nf3 e6 3. d4 cxd4 4. Nxd4 Nc6 5. Nb5 d6 6. c4 Nf6 7. N1c3 a6 8. Nd4 Nb8 9. Be2 Be7 10. Be3 b6 11. f3 Bb7 12. Qd2 Nbd7 13. O-O-O Rc8 14. Kb1 Ne5 15. b3 O-O 16. g4 d5 17. g5 Ne8 18. exd5 exd5 19. Nf5 Bb4 20. Qd4 Bxc3 21. Qxc3 f6 22. f4 Ng6 23. Qd4 Nd6 24. Bg4 Rc5 25. gxf6 Rxf6 26. Nxd6 Qxd6 27. f5 Ne7 28. Bf4 Qd8 29. Bg5 Rf7 30. f6 gxf6 31. Bxf6 Qf8 32. Be6 Ng6 33. Rhf1 dxc4 34. Be7 Qxe7 35. Bxf7+ Qxf7 36. Rxf7 Kxf7 37. Qd7+ 1-0


[Site "https://www.chess.com"]

[Event "Titled Tuesday Blitz March 29 Late 2022"]
[White "Desideri, Ricardo Maruchi"]
[Black "Eames, Robert S"]
[WhiteFideId "2110440"]
[BlackFideId "408743"]
[WhiteElo "1945"]
[BlackElo "2105"]
[Result "1-0"]
[Round "11"]
[TimeControl "180+1"]
[Date "2022.03.30"]
[WhiteClock "0:00:23"]
[BlackClock "0:00:03"]

1. e4 e6 2. d4 d5 3. e5 c5 4. c3 Nc6 5. Nf3 Qb6 6. a3 c4 7. Nbd2 Na5 8. Rb1 Bd7 9. Be2 Ne7 10. O-O h6 11. b4 cxb3 12. c4 Ba4 13. c5 Qc6 14. Bb2 Ng6 15. Bc3 b6 16. Bxa5 bxa5 17. Nxb3 Rc8 18. Qd2 Bxb3 19. Rxb3 Qc7 20. Rfb1 Be7 21. Rb7 Qd8 22. Bb5+ Kf8 23. Rd7 Qe8 24. Rxa7 Qd8 25. Rd7 Qe8 26. Rxd5 exd5 27. Bxe8 Rxe8 28. Qxa5 Kg8 29. Rb7 Kh7 30. Qb5 Nf4 31. h3 g5 32. a4 Kg7 33. a5 Ng6 34. a6 Ra8 35. a7 Rhc8 36. Rb8 Rd8 37. Rxd8 1-0


[Site "https://www.chess.com"]

[Event "Titled Tuesday Blitz March 29 Late 2022"]
[White "Dimakiling, Oliver"]
[Black "Pakleza, Zbigniew"]
[WhiteFideId "5202248"]
[BlackFideId "1119290"]
[WhiteElo "2426"]
[BlackElo "2467"]
[Result "0-1"]
[Round "11"]
[TimeControl "180+1"]
[Date "2022.03.29"]
[WhiteClock "0:00:02"]
[BlackClock "0:00:06"]

1. e4 d6 2. d4 Nf6 3. Nc3 c6 4. f4 Qb6 5. a3 e5 6. Nf3 Nbd7 7. Be3 Ng4 8. Bg1 exf4 9. Qd2 Ne3 10. Bd3 Qxb2 11. Ra2 Qb6 12. Bxe3 fxe3 13. Qxe3 Be7 14. O-O O-O 15. Ne2 Ne5 16. c3 Be6 17. Rb1 Nxf3+ 18. Qxf3 Bxa2 19. Rxb6 axb6 20. e5 dxe5 21. Ng3 g6 22. Nf5 Bxa3 23. dxe5 Be6 24. Nh6+ Kg7 25. Qf6+ Kxh6 26. g4 Ra4 27. h3 Bc1 28. Qe7 Rfa8 29. Kg2 Bg5 30. Qxb7 Bf4 31. Qxc6 Bxe5 32. Qf3 Kg7 33. Qe3 Ra2+ 34. Kf3 Bf6 35. Be4 R8a3 36. g5 Bxc3 37. Kf4 Bd2 0-1


[Site "https://www.chess.com"]

[Event "Titled Tuesday Blitz March 29 Late 2022"]
[White "Estrada Nieto, Julian"]
[Black "Melaugh, Shane"]
[WhiteFideId "5101018"]
[BlackFideId "2509580"]
[WhiteElo "2246"]
[BlackElo "2014"]
[Result "0-1"]
[Round "11"]
[TimeControl "180+1"]
[Date "2022.03.30"]
[WhiteClock "0:00:37"]
[BlackClock "0:01:22"]

1. e4 e6 2. d4 d5 3. Nd2 dxe4 4. Nxe4 Nf6 5. Nxf6+ gxf6 6. Nf3 Nc6 7. g3 Qd6 8. Bg2 Bd7 9. O-O O-O-O 10. Bf4 e5 11. dxe5 fxe5 12. Qxd6 Bxd6 13. Bg5 Rde8 14. c3 f5 15. Rfe1 Rhg8 16. Bh4 e4 17. Nd2 Ne5 18. Re2 Bb5 19. Ree1 Nd3 20. Reb1 Bc5 21. Rf1 Nxf2 22. Nb3 Bxf1 23. Nxc5 Bxg2 24. Kxg2 Ng4 25. Re1 b6 26. Nb3 Ne5 27. Nd4 Nf3 28. Nxf3 exf3+ 29. Kf2 Rxe1 30. Kxe1 Re8+ 31. Kf2 Re2+ 32. Kxf3 Rxh2 33. b3 Rxa2 34. Kf4 Ra3 35. Kxf5 Rxb3 36. Bf6 a5 37. Ke4 a4 38. g4 a3 39. c4 Rb1 40. Kd5 a2 41. Kc6 a1=Q 0-1


[Site "https://www.chess.com"]

[Event "Titled Tuesday Blitz March 29 Late 2022"]
[White "Golubev, Mikhail"]
[Black "Aldokhin, Ivan"]
[WhiteFideId "14100983"]
[BlackFideId "24115720"]
[WhiteElo "2374"]
[BlackElo "2231"]
[Result "0-1"]
[Round "11"]
[TimeControl "180+1"]
[Date "2022.03.29"]
[WhiteClock "0:00:09"]
[BlackClock "0:01:15"]

1. e4 c5 2. Nf3 e6 3. d4 cxd4 4. Nxd4 a6 5. Bd3 Qc7 6. O-O Nf6 7. Qe2 d6 8. c4 Nbd7 9. Nc3 g6 10. f4 Bg7 11. f5 Ne5 12. Be3 Nfg4 13. fxe6 fxe6 14. Kh1 Nxe3 15. Qxe3 Bd7 16. Rac1 Qb6 17. Na4 Bxa4 18. c5 dxc5 19. Nb3 Bxb3 20. axb3 Qxb3 21. Rc3 Qxb2 22. Rxc5 Rd8 23. Be2 Qd4 24. Qa3 Bf8 25. Rxf8+ Rxf8 26. Rc1 Rf2 27. Qa2 Kf7 0-1


[Site "https://www.chess.com"]

[Event "Titled Tuesday Blitz March 29 Late 2022"]
[White "Goryachkina, Aleksandra"]
[Black "Mortazavi, Ali"]
[WhiteFideId "4147103"]
[BlackFideId "401323"]
[WhiteElo "2426"]
[BlackElo "2339"]
[Result "1-0"]
[Round "11"]
[TimeControl "180+1"]
[Date "2022.03.29"]
[WhiteClock "0:01:23"]
[BlackClock "0:01:23"]

1. e4 c6 2. d4 d5 3. e5 Bf5 4. Bd3 Bxd3 5. Qxd3 e6 6. Nf3 c5 7. c3 Nc6 8. O-O Qb6 9. a3 cxd4 10. cxd4 Nge7 11. b4 Nf5 12. Be3 h5 13. Nc3 Be7 14. Nxd5 Qd8 15. Nc3 Qd7 16. Rfd1 O-O-O 17. d5 exd5 18. Nxd5 Nxe3 19. Qxe3 Qe6 20. Nxe7+ Qxe7 21. b5 Rxd1+ 22. Rxd1 Nd8 23. Qxa7 Qc7 24. Qa8+ Qb8 25. Rc1+ 1-0


[Site "https://www.chess.com"]

[Event "Titled Tuesday Blitz March 29 Late 2022"]
[White "Gurevich, Dmitry"]
[Black "Fiol, Fabrice"]
[WhiteFideId "2000407"]
[BlackFideId "611670"]
[WhiteElo "2506"]
[BlackElo "2421"]
[Result "1-0"]
[Round "11"]
[TimeControl "180+1"]
[Date "2022.03.29"]
[WhiteClock "0:00:08"]
[BlackClock "0:00:01"]

1. d4 Nf6 2. c4 e6 3. g3 Bb4+ 4. Nd2 O-O 5. Bg2 c5 6. a3 Bxd2+ 7. Qxd2 cxd4 8. Nf3 d5 9. cxd5 Nxd5 10. Nxd4 Nc6 11. Nxc6 bxc6 12. O-O Qb6 13. Rd1 Ba6 14. b4 Rad8 15. Bb2 f6 16. Qc2 Rc8 17. Rac1 h6 18. Bf3 Bb5 19. Qc5 Rfd8 20. Qc2 a5 21. e4 Ne7 22. a4 Ba6 23. Qc5 Qxc5 24. bxc5 e5 25. Bc3 Rd3 26. Rxd3 Bxd3 27. Rd1 Bc2 28. Rd7 Kf7 29. Bxa5 Bxa4 30. Bb6 Bb3 31. Bh5+ g6 32. Bxg6+ Kxg6 33. Rxe7 Bc2 34. f3 Ra8 35. Kg2 Ra2 36. Kh3 Bd1 37. Re6 Bxf3 38. Bd8 Bg2+ 39. Kh4 Bxe4 40. Rxf6+ Kh7 41. h3 Ra4 42. g4 Bg6 43. Re6 e4 44. Re7+ Kg8 45. Bc7 Rc4 46. Bd6 Bf7 47. Kg3 Bd5 48. Kf4 Rc3 49. Kf5 Rf3+ 50. Kg6 Bf7+ 51. Kxh6 Rxh3+ 52. Kg5 e3 53. Bf4 Rh1 54. Bxe3 1-0


[Site "https://www.chess.com"]